 Dungeon Crawl Stone Soup version 0.30.0-5-g1a98f26d00 (webtiles) character file.

Game seed: 18392725998453617365

3949 hogiebunz the Grappler (level 10, -1/98 HPs)
             Began as a Troll Fighter on May 12, 2023.
             Was an Elder of Nemelex Xobeh.
             Slain by Joseph
             ... wielding a +0 quarterstaff
              (17 damage)
             ... on level 8 of the Dungeon.
             The game lasted 00:14:33 (8488 turns).

hogiebunz the Grappler (Troll Fighter)              Turns: 8488, Time: 00:14:34

Health: -1/98      AC:  4    Str: 30    XL:     10   Next: 2%
Magic:  10/10      EV:  9    Int:  4    God:    Nemelex Xobeh [****..]
Gold:   395        SH: 14    Dex:  9    Spells: 9/9 levels left

rFire   + .          .
                       - Unarmed
rCold   x . .        l - +1 tower shield
rNeg    . . .        a - +0 robe
rPois   .            (helmet restricted)
rElec   .            (no cloak)
rCorr   .            (gloves unavailable)
SInv    .            (boots unavailable)
Will    .....        d - amulet of the acrobat
Stlth   +            k - ring of fire
HPRegen 1.16/turn    (no ring)
MPRegen 0.12/turn

%: acrobat
@: elixired
A: large, unfitting armour, claws 3, regeneration 1, shaggy fur 1, tough skin 1
a: Renounce Religion, Draw Escape, Draw Destruction, Draw Summoning, Triple
Draw, Deal Four


You were on level 8 of the Dungeon.
You worshipped Nemelex Xobeh.
Nemelex Xobeh was greatly pleased with you.
You visited 1 branch of the dungeon, and saw 8 of its levels.
You also visited: Bailey.

You collected 395 gold pieces.

Inventory:

Missiles
 r - 2 curare-tipped darts (quivered)
Armour
 a - a +0 robe (worn)
 b - a +0 kite shield
 l - a +1 tower shield (worn)
Jewellery
 d - an amulet of the acrobat (around neck)
 k - a ring of fire (left claw)
 x - a ring of fire
Wands
 m - a wand of acid (1)
 A - a wand of flame (21)
 D - a wand of roots (7)
Scrolls
 f - a scroll of enchant armour
 i - a scroll of magic mapping
 n - 3 scrolls of teleportation
 q - a scroll of enchant weapon
 s - a scroll of butterflies
 u - a scroll of silence
 y - a scroll of amnesia
 E - a scroll of acquirement
Potions
 c - 2 potions of might
 e - 2 potions of flight
 g - 2 potions of ambrosia
 h - 2 potions of curing
 j - 3 potions of haste
 o - 3 potions of mutation
 p - a potion of resistance {unknown}
 t - a potion of attraction {unknown}
 v - 2 potions of lignification {unknown}
 w - 2 potions of cancellation
 z - 2 potions of magic {unknown}
 B - a potion of invisibility {unknown}
 C - a potion of berserk rage {unknown}


   Skills:
 + Level 5.9 Fighting
 + Level 5.8 Dodging
 + Level 6.5 Shields
 * Level 9.3 Unarmed Combat
 + Level 1.5 Invocations


You had 9 spell levels left.
You didn't know any spells.
Your spell library contained the following spells:

 Spells                   Type           Power      Damage    Failure   Level
 Magic Dart               Conj           0%         1d3       90%         1
 Searing Ray              Conj           0%         2d4       97%         2
 Ozocubu's Armour         Ice            0%         N/A       99%         3
 Fulminant Prism          Conj/Hex       0%         3d5       100%        4
 Blade Hands              Tmut           0%         N/A       100%        5
 Irradiate                Conj/Tmut      0%         3d11      100%        5
 Dragon Form              Tmut           0%         N/A       100%        7
 Ozocubu's Refrigeration  Ice            0%         4d7       100%        7
 Chain Lightning          Conj/Air       0%         N/A       100%        9
 Fire Storm               Conj/Fire      0%         5d1       100%        9
 Shatter                  Erth           0%         3d5*      100%        9


Dungeon Overview and Level Annotations

Branches:
Dungeon (8/15)             Temple (0/1) D:5          Bailey (visited)
   Lair: D:8-11

Altars:
Ashenzari
Cheibriados
Elyvilon
Nemelex Xobeh
Vehumet
Xom
Zin

Annotations:
D:8 Joseph


Innate Abilities, Weirdness & Mutations

You are too large for most types of armour.
You have claws for hands.
Your natural rate of healing is unusually fast.
You are covered in fur. (AC +1)
You have tough skin. (AC +1)


Message History

You block Joseph's attack.
You claw Joseph!
Joseph is severely wounded.
Joseph zaps a wand.
The roots erupt in riotous growth!
The grasping roots grab you!
Joseph is unaffected.
The grasping roots constrict you.
You closely miss Joseph.
Joseph is severely wounded.
The sentinel's mark upon you fades away.
Joseph hits you with a +0 quarterstaff! The grasping roots constrict you.
You are too injured to fight recklessly!
You are too injured to fight recklessly!
You are too injured to fight recklessly!
You are too injured to fight recklessly!
You are too injured to fight recklessly!
The roots grasp on you weakens, but your attempt to escape fails.
Joseph hits you with a +0 quarterstaff! The grasping roots constrict you.
The grasping roots release their grip on you.
You closely miss Joseph.
Joseph is heavily wounded.
Joseph zaps a wand.
The roots erupt in riotous growth!
The grasping roots grab you!
Joseph is unaffected.
The grasping roots constrict you.
You scratch Joseph.
Joseph is severely wounded.
Joseph hits you with a +0 quarterstaff.
* * * LOW HITPOINT WARNING * * *
The grasping roots constrict you.
* * * LOW HITPOINT WARNING * * *
The grasping roots release their grip on you.
You closely miss Joseph.
Joseph is severely wounded.
Joseph hits you with a +0 quarterstaff!!
* * * LOW HITPOINT WARNING * * *
Okay, then.
You draw a card...
You have drawn the Elixir.
You begin rapidly regenerating health and magic.
Joseph hits you with a +0 quarterstaff!
You die...
Your body disappears without a glow.

.#.##...........######.)..
................######.~~~
#...........##.....~##
#..................~#. #
#...............#..≈#.
~.#............###...~#.
≈~................#...≈##
≈~~.....@.............~~≈
~≈≈...##.@........#.......
~≈~~.####.......####......
~~≈.~ #........## #######
≈~≈ #.......###
##........# #.......###
~....###..## ~~.... ...$#
~~..$. ##...#


You could see Joseph.

Vanquished Creatures
  Prince Ribbit (D:5)
  A wyvern (D:8)
  2 steam dragons
  8 orc warriors (Bailey)
  2 black bears (D:7)
  2 sky beasts
  An ogre (D:5)
  2 centaurs
  A phantom (D:4)
  2 scorpions
  A bullfrog (D:8)
  6 wights
  3 howler monkeys (D:8)
  A jelly (D:4)
  A gnoll bouda (D:5)
  3 orc priests (D:7)
  3 hounds
  3 iguanas
  2 orc wizards
  8 adders
  10 gnolls
  A shadow imp (D:8)
  A worm (D:3)
  2 dart slugs
  29 orcs
  8 bats
  8 endoplasms
  A giant cockroach (D:4)
  8 hobgoblins
  2 jackals (D:2)
  9 kobolds
  4 quokkas
  7 ball pythons
  2 frilled lizards (D:1)
  10 goblins
  3 rats
158 creatures vanquished.

Vanquished Creatures (collateral kills)
  An orc knight (Bailey)
  An orc warrior (Bailey)
  2 orc wizards (D:5)
  A gnoll (D:5)
  An adder (D:5)
  3 orcs
9 creatures vanquished.

Grand Total: 167 creatures vanquished

Notes
Turn   | Place    | Note
-------+----------+-------------------------------------------
     0 | D:1      | hogiebunz the Troll Fighter began the quest for the Orb.
     0 | D:1      | Reached XP level 1. HP: 22/22 MP: 0/0
   266 | D:1      | Reached XP level 2. HP: 29/29 MP: 1/1
  1327 | D:2      | Reached XP level 3. HP: 36/36 MP: 2/2
  1598 | D:2      | Reached skill level 3 in Unarmed Combat
  1752 | D:2      | Found a faded altar of an unknown god.
  1757 | D:2      | Prayed at the altar of an unknown god.
  1757 | D:2      | Became a worshipper of Nemelex Xobeh the Trickster
  1757 | D:2      | Reached * piety under Nemelex Xobeh
  1942 | D:3      | Reached XP level 4. HP: 44/44 MP: 3/3
  2018 | D:3      | Found a broken altar of Ashenzari.
  2146 | D:3      | Received a gift from Nemelex Xobeh
  2320 | D:3      | Received a gift from Nemelex Xobeh
  2624 | D:4      | Reached ** piety under Nemelex Xobeh
  2649 | D:4      | Noticed a phantom
  2669 | D:4      | Killed a phantom
  2670 | D:4      | Reached XP level 5. HP: 41/53 MP: 4/4
  2773 | D:4      | Received a gift from Nemelex Xobeh
  2799 | D:4      | Reached skill level 4 in Unarmed Combat
  2834 | D:4      | Reached XP level 6. HP: 34/61 MP: 5/5
  3678 | D:5      | Entered Level 5 of the Dungeon
  3708 | D:5      | Found a staircase to the Ecumenical Temple.
  4087 | D:5      | Reached skill level 5 in Unarmed Combat
  4125 | D:5      | Reached XP level 7. HP: 67/67 MP: 6/6
  4135 | D:5      | Noticed Prince Ribbit
  4475 | D:5      | Killed Prince Ribbit
  4560 | D:5      | Found a snail-covered altar of Cheibriados.
  4566 | D:5      | Found a white marble altar of Elyvilon.
  4569 | D:5      | Found a glowing silver altar of Zin.
  4569 | D:5      | Found a shimmering altar of Xom.
  4576 | D:5      | Found a radiant altar of Vehumet.
  5180 | D:6      | Reached *** piety under Nemelex Xobeh
  5218 | D:6      | Reached skill level 6 in Unarmed Combat
  5455 | D:6      | Reached XP level 8. HP: 78/78 MP: 7/7
  6448 | D:7      | Reached skill level 5 in Shields
  6670 | D:7      | Reached skill level 7 in Unarmed Combat
  6740 | D:7      | Received a gift from Nemelex Xobeh
  6910 | D:7      | Reached **** piety under Nemelex Xobeh
  6997 | D:7      | Reached skill level 5 in Fighting
  7110 | D:7      | Reached skill level 5 in Dodging
  7110 | D:7      | Reached XP level 9. HP: 61/88 MP: 8/8
  7671 | D:8      | Reached skill level 8 in Unarmed Combat
  7795 | D:8      | Received a gift from Nemelex Xobeh
  7906 | D:8      | Found a flagged portal.
  7912 | Bailey   | Entered a bailey
  8147 | Bailey   | Received a gift from Nemelex Xobeh
  8310 | Bailey   | Noticed an orc knight
  8315 | Bailey   | Reached skill level 9 in Unarmed Combat
  8326 | Bailey   | Killed an orc knight
  8327 | Bailey   | Reached skill level 1 in Invocations
  8469 | D:8      | Noticed Joseph
  8472 | D:8      | Reached XP level 10. HP: 81/98 MP: 10/10
  8488 | D:8      | Slain by Joseph

Illustrated notes

Levels and vault maps discovered:
D:1:      ncdulo_lavacross, layout_loops_ring
D:2:      layout_basic, shapermc_ecumenical_altar_acropolis,
          cheibrodos_gnoll_hut
D:3:      layout_loops_ring, ashenzari_conservatory_becter
D:4:      layout_rooms, minmay_fractal_squares_diagonal_5
D:5:      layout_rooms, nicolae_overflow_hallway_of_the_gods,
          minmay_temple_entry_ruins, uniq_prince_ribbit1
D:6:      layout_basic
D:7:      layout_basic, nicolae_lava_and_water, kennysheep_cluttered_room
D:8:      layout_cave_pools, overflow_temple_1_default, enter_bailey_3,
          hangedman_abyss_or_decor_stagger, reono_crystal_passage,
          chequers_serial_rivers_large_a, uniq_joseph

Skill      XL: |  1  2  3  4  5  6  7  8  9 |
---------------+----------------------------+-----
Shields        | 3 4 5 6 |  6.5
Unarmed Combat | 3 4 5 6 7 9 |  9.3
Fighting       | 3 4 5 |  5.9
Dodging        | 3 4 5 |  5.8
Invocations    | 1 |  1.5

Action                     |  1- 3 |  4- 6 |  7- 9 | 10-12 || total
---------------------------+-------+-------+-------+-------++-------
  Melee: Unarmed           |    93 |   128 |   241 |    10 ||   472
  Throw: Dart              |       |       |     2 |       ||     2
 Invoke: Draw Destruction  |       |     4 |     6 |       ||    10
         Draw Summoning    |       |     1 |     1 |       ||     2
         Draw Escape       |       |       |       |     1 ||     1
    Use: Scroll            |     8 |     6 |     5 |       ||    19
 Armour: Robe              |    25 |    23 |    26 |       ||    74
  Dodge: Dodged            |    26 |    50 |   137 |     2 ||   215
  Block: Kite shield       |    13 |       |       |       ||    13
         Tower shield      |    34 |    96 |   225 |     4 ||   359
